 Dungeon Crawl Stone Soup version 0.31-a0-765-g67fe2935dc (webtiles) character file.

Game seed: 11403721918142803679

830 Maratek the Shield-Bearer (level 7, -2/60 HPs)
             Began as a Gnoll Fighter on Sept 15, 2023.
             Was a Priest of Lugonu.
             Slain by an iguana (7 damage)
             ... on level 5 of the Dungeon.
             The game lasted 00:06:46 (4220 turns).

Maratek the Shield-Bearer (Gnoll Fighter)           Turns: 4220, Time: 00:06:46

Health: -2/60      AC: 15    Str: 17    XL:     7   Next: 97%
Magic:  11/11      EV:  6    Int:  8    God:    Lugonu [***...]
Gold:   265        SH:  6    Dex: 17    Spells: 11/11 levels left

rFire   + . .        a - +1 war axe
rCold   . . .        c - +0 buckler
rNeg    . . .        n - +1 plate armour
rPois   .            p - +0 hat
rElec   .            (no cloak)
rCorr   .            (no gloves)
SInv    .            j - +0 pair of boots
Will    .....        (no amulet) Stlth
                     g - +6 ring of dexterity
HPRegen 0.30/turn    s - ring of protection from fire
MPRegen 0.12/turn

%: no passive effects
@: mighty
A: fangs 1, strong nose, distributed training
a: Renounce Religion, Depart the Abyss, Banish


You were on level 5 of the Dungeon.
You worshipped Lugonu.
Lugonu was most pleased with you.
You visited 1 branch of the dungeon, and saw 5 of its levels.

You collected 265 gold pieces.

Inventory:

Hand Weapons
 a - a +1 war axe (weapon)
Armour
 c - a +0 buckler (worn)
 j - a +0 pair of boots (worn)
 n - a +1 plate armour (worn)
 p - a +0 hat (worn)
 y - the +0 ring mail of the Learner {MP+9 Str+3}
   (You found it on level 5 of the Dungeon)

   Str+3:     It affects your strength (+3).
   MP+9:      It affects your magic capacity (+9).
Jewellery
 g - a +6 ring of dexterity (left hand)
 s - a ring of protection from fire (right hand)
Wands
 w - a wand of mindburst (8)
Scrolls
 b - 4 scrolls of vulnerability
 h - a scroll of fear
 i - 2 scrolls of silence
Potions
 e - 3 potions of cancellation {unknown}
 f - 4 potions of curing {unknown}
 r - a potion of degeneration {unknown}
 t - a potion of brilliance {unknown}
 u - a potion of magic {unknown}
 v - a potion of mutation {unknown}


   Skills:
 + Level 7.2 Fighting
 + Level 2.9 Short Blades
 + Level 2.9 Long Blades
 + Level 5.4 Axes
 + Level 2.9 Maces & Flails
 + Level 2.9 Polearms
 + Level 2.9 Staves
 + Level 2.9 Ranged Weapons
 + Level 2.9 Throwing
 + Level 7.2 Armour
 + Level 2.9 Dodging
 + Level 2.9 Stealth
 + Level 7.2 Shields
 + Level 2.9 Unarmed Combat
 + Level 2.9 Spellcasting
 + Level 2.3 Conjurations
 + Level 2.3 Hexes
 + Level 2.3 Summonings
 + Level 2.3 Necromancy
 + Level 2.3 Translocations
 + Level 2.3 Transmutations
 + Level 2.3 Fire Magic
 + Level 2.3 Ice Magic
 + Level 2.3 Air Magic
 + Level 2.3 Earth Magic
 + Level 2.3 Poison Magic
 + Level 3.2 Invocations
 + Level 2.9 Evocations
 + Level 2.6 Shapeshifting


You had 11 spell levels left.
You didn't know any spells.
Your spell library contained the following spells:

 Spells                   Type           Power      Damage    Failure   Level
 Lesser Beckoning         Tloc           8%         N/A       100%        2
 Gell's Gravitas          Tloc           4%         N/A       100%        3
 Teleport Other           Tloc           4%         N/A       100%        3


Dungeon Overview and Level Annotations

Branches:
Dungeon (5/15)
 Temple: D:4-7

Altars:
Lugonu

Shops:
D:4 !


Innate Abilities, Weirdness & Mutations

You have very sharp teeth.
Your uncanny sense of smell can sniff out nearby items.
Your experience applies equally to all skills.


Message History

The gnoll sergeant is heavily wounded.
The iguana hisses angrily.
The gnoll sergeant hits you but does no damage.
The gnoll sergeant blocks your attack.
The gnoll sergeant is heavily wounded.
The gnoll sergeant hits you with a +0 trident.
The gnoll sergeant blocks your attack.
The gnoll sergeant is heavily wounded.
You barely miss the iguana.
The gnoll sergeant hits you with a +0 trident.
The iguana bites you but does no damage.
You block the gnoll sergeant's attack.
You hit the gnoll sergeant but do no damage.
The gnoll sergeant is heavily wounded.
You hit the iguana. The iguana bites you!
The gnoll sergeant hits you but does no damage.
You are too injured to fight recklessly!
You are too injured to fight recklessly!
You are too injured to fight recklessly!
You barely miss the iguana. You bite the iguana.
The iguana is heavily wounded.
You hit the gnoll sergeant but do no damage.
The iguana bites you but does no damage.
The gnoll sergeant hits you with a +0 trident!
You hit the iguana but do no damage.
The iguana is heavily wounded.
You hit the gnoll sergeant but do no damage.
The iguana bites you!
* * * LOW HITPOINT WARNING * * *
You block the gnoll sergeant's attack.
The iguana bites you but does no damage.
You feel very mighty all of a sudden. You block the gnoll sergeant's attack.
The iguana bites you.
* * * LOW HITPOINT WARNING * * *
You hit the iguana.
The iguana is almost dead.
You hit the gnoll sergeant.
The gnoll sergeant hits you but does no damage.
The iguana bites you!
You die...

...........g.##.#####.#
.............#.......#
............#........
.#...#.............#
#........)#(......#.
#.........##.)......
#)...........)......
#....#....##......#.
#.)@.'.).......>###
#.lg.#....#######
......#.####....##
......'..........#
......#.########'###
.....#............#
....#............#
###.##...........#
#..............#


You could see a gnoll sergeant and an iguana.

Vanquished Creatures
  Edmund (D:4)
  An ogre (D:5)
  A phantom (D:3)
  2 scorpions (D:4)
  2 hounds
  3 orc priests
  An iguana (D:4)
  10 gnolls
  5 adders
  A shadow imp (D:5)
  A white imp (D:5)
  A worm (D:2)
  2 dart slugs
  4 orcs
  7 ball pythons
  4 bats
  8 endoplasms
  3 giant cockroaches
  8 hobgoblins
  5 jackals (D:3)
  10 kobolds
  6 quokkas
  5 frilled lizards
  7 goblins
  6 rats
104 creatures vanquished.

Notes
Turn   | Place    | Note
-------+----------+-------------------------------------------
     0 | D:1      | Maratek the Gnoll Fighter began the quest for the Orb.
     0 | D:1      | Reached XP level 1. HP: 23/23 MP: 1/1
    84 | D:1      | Reached XP level 2. HP: 29/29 MP: 2/2
   320 | D:1      | Found a faded altar of an unknown god.
   333 | D:1      | Prayed at the altar of an unknown god.
   333 | D:1      | Became a worshipper of Lugonu the Unformed
   333 | D:1      | Reached * piety under Lugonu
   506 | D:2      | Reached XP level 3. HP: 31/35 MP: 2/4
   581 | D:2      | Reached skill level 1 in Invocations
   813 | D:2      | Reached skill level 1 in Short Blades
   813 | D:2      | Reached skill level 1 in Long Blades
   813 | D:2      | Reached skill level 1 in Maces & Flails
   813 | D:2      | Reached skill level 1 in Polearms
   813 | D:2      | Reached skill level 1 in Staves
   813 | D:2      | Reached skill level 1 in Ranged Weapons
   813 | D:2      | Reached skill level 1 in Throwing
   813 | D:2      | Reached skill level 1 in Dodging
   813 | D:2      | Reached skill level 1 in Stealth
   813 | D:2      | Reached skill level 1 in Unarmed Combat
   813 | D:2      | Reached skill level 1 in Spellcasting
   813 | D:2      | Reached skill level 1 in Evocations
   909 | D:2      | Reached XP level 4. HP: 41/41 MP: 5/5
   915 | D:2      | Reached skill level 1 in Shapeshifting
  1124 | D:2      | Reached ** piety under Lugonu
  1498 | D:3      | Noticed a phantom
  1509 | D:3      | Reached skill level 1 in Conjurations
  1509 | D:3      | Reached skill level 1 in Hexes
  1509 | D:3      | Reached skill level 1 in Summonings
  1509 | D:3      | Reached skill level 1 in Necromancy
  1509 | D:3      | Reached skill level 1 in Translocations
  1509 | D:3      | Reached skill level 1 in Transmutations
  1509 | D:3      | Reached skill level 1 in Fire Magic
  1509 | D:3      | Reached skill level 1 in Ice Magic
  1509 | D:3      | Reached skill level 1 in Air Magic
  1509 | D:3      | Reached skill level 1 in Earth Magic
  1509 | D:3      | Reached skill level 1 in Poison Magic
  1514 | D:3      | Killed a phantom
  1515 | D:3      | Reached XP level 5. HP: 38/47 MP: 5/7
  2181 | D:4      | Reached XP level 6. HP: 12/53 MP: 8/8
  2328 | D:4      | Reached skill level 5 in Axes
  2478 | D:4      | Found Femoshag's Distillery.
  2493 | D:4      | Reached *** piety under Lugonu
  2793 | D:4      | Noticed Edmund
  2811 | D:4      | HP: 1/53 [Edmund/+0 heavy flail (11)]
  2812 | D:4      | Killed Edmund
  2813 | D:4      | Reached XP level 7. HP: 2/60 MP: 10/10
  3180 | D:5      | Entered Level 5 of the Dungeon
  3884 | D:5      | Identified the +0 ring mail of the Learner {MP+9 Str+3}
  4220 | D:5      | Slain by an iguana

Illustrated notes

Levels and vault maps discovered:
D:1:      lemuel_arrival_muddy, layout_rooms,
          shapermc_ecumenical_altar_mp_highgroup, minmay_tripent
D:2:      layout_basic, minmay_hedge_maze
D:3:      layout_rooms
D:4:      layout_cave_pools, serial_shops, nicolae_take_the_stairs,
          minmay_gold_behind_fungi, uniq_edmund
D:5:      layout_basic

Skill      XL: |  1  2  3  4  5  6  7 |
---------------+----------------------+-----
Invocations    | 1 2 3 |  3.2
Short Blades   | 1 2 |  2.9
Long Blades    | 1 2 |  2.9
Maces & Flails | 1 2 |  2.9
Polearms       | 1 2 |  2.9
Staves         | 1 2 |  2.9
Ranged Weapons | 1 2 |  2.9
Throwing       | 1 2 |  2.9
Dodging        | 1 2 |  2.9
Stealth        | 1 2 |  2.9
Unarmed Combat | 1 2 |  2.9
Spellcasting   | 1 2 |  2.9
Evocations     | 1 2 |  2.9
Shapeshifting  | 1 2 |  2.6
Conjurations   | 1 2 |  2.3
Hexes          | 1 2 |  2.3
Summonings     | 1 2 |  2.3
Necromancy     | 1 2 |  2.3
Translocations | 1 2 |  2.3
Transmutations | 1 2 |  2.3
Fire Magic     | 1 2 |  2.3
Ice Magic      | 1 2 |  2.3
Air Magic      | 1 2 |  2.3
Earth Magic    | 1 2 |  2.3
Poison Magic   | 1 2 |  2.3
Axes           | 5 |  5.4
Fighting       | 7 |  7.2
Armour         | 7 |  7.2
Shields        | 7 |  7.2

Action                     |  1- 3 |  4- 6 |  7- 9 || total
---------------------------+-------+-------+-------++-------
  Melee: War axe           |    89 |   218 |    73 ||   380
         Bite              |    10 |    28 |    12 ||    50
    Use: Scroll            |       |     2 |     8 ||    10
         Potion            |       |     1 |     1 ||     2
 Armour: Scale mail        |    42 |       |       ||    42
         Plate armour      |       |   145 |    89 ||   234
  Dodge: Dodged            |    40 |    43 |    23 ||   106
  Block: Buckler           |    20 |    51 |    35 ||   106

Table legend: (Time is in decaauts)
 A = Elapsed time spent in this place.
 B = Non-inter-level travel time spent in this place.
 C = Inter-level travel time spent in this place.
 D = Time resting spent in this place.
 E = Time spent auto-exploring this place.
 F = Levels seen in this place.
 G = Mean time per level.
                   A        B        C        D        E       F      G
               +--------+--------+--------+--------+--------+-----+--------+
         Total |   4329 |   4293 |     36 |   1243 |   2011 |   5 |  865.8 |
       Dungeon |   4329 |   4293 |     36 |   1243 |   2011 |   5 |  865.8 |
               +--------+--------+--------+--------+--------+-----+--------+

Top non-repeatable levels by time:
     D:4: 1205 daAuts
     D:2: 1049 daAuts
     D:5: 905 daAuts
     D:3: 673 daAuts
     D:1: 496 daAuts
